[Event "5th Vera Menchik Memorial 2022"]
[Site "Prag"]
[Date "2022.06.05"]
[Round "4.14"]
[White "Hrabusa, Matej"]
[Black "Borkovec, Milan"]
[Result "1-0"]
[ECO "B07"]
[WhiteElo "2361"]
[BlackElo "2188"]
[Annotator "TA"]
[PlyCount "152"]
[EventDate "2022.06.05"]
[EventType "tourn"]
[EventCountry "CZE"]
[SourceTitle "playchess.com"]
[Source "ChessBase"]
[SourceQuality "1"]
[TimeControl "720+3"]

1. d4 Nf6 2. Nf3 g6 3. Nbd2 Bg7 4. e4 d6 5. Bb5+ c6 6. Bd3 {[%emt 0:00:01] B07: Pirc Defence: Miscellaneous Systems.} O-O 7. O-O Nbd7 8. c3 {[%emt 0:00:02] White has an edge.} e5 9. h3 Re8 10. Re1 (10. Nc4 {with more complications.} d5 11. Nd6 Re7 12. Nxe5 Nxe5 13. dxe5 Nxe4 14. Bxe4 Rxe5 15. Bf4) 10... Qc7 11. a4 b6 12. Nf1 a6 13. Ng3 Bb7 {[%emt 0:00:02] [#]} 14. h4 $146 (14. Be3 $14) ({Predecessor:} 14. Bg5 h6 15. Bd2 b5 16. b4 Nb6 17. a5 Nbd7 18. Qc1 Kh7 19. c4 Rac8 20. dxe5 dxe5 {1-0 (35) Carlsen,M (2835)-Amonatov,F (2614) St Petersburg 2018}) 14... exd4 $11 15. cxd4 c5 $1 16. Bf4 c4 (16... cxd4 $11 17. Rc1 Qd8) 17. Rc1 $16 b5 18. b3 Qb6 $2 (18... c3 $16) 19. bxc4 $18 bxc4 20. Bxc4 {[%emt 0:00:14] Hoping for Rb1.} ({But not} 20. Rxc4 $6 d5 21. a5 Qd8 $16) 20... Nxe4 $2 (20... d5) 21. Nxe4 (21. Rb1 $142 Nxg3 22. Rxb6 Nxb6 23. Bxf7+ Kxf7 24. Bxg3) 21... Bxe4 {[%emt 0:00:15] [#]} 22. Bxf7+ Kxf7 23. Ng5+ Kg8 24. Nxe4 (24. Rxe4 $18 Rxe4 25. Nxe4) 24... Qxd4 $16 25. Qxd4 (25. Qb3+ {is interesting.} d5 26. Rcd1 Nc5 27. Rxd4 Nxb3 28. Rxd5 Rac8 29. Kf1) 25... Bxd4 26. Nxd6 Rxe1+ 27. Rxe1 Bf6 (27... Nc5 $1 $11) 28. g3 {[%emt 0:00:16] White is more active.} Nc5 29. Ne4 Bd4 30. Nxc5 Bxc5 $18 {[%emt 0:00:01][%mdl 4096] Endgame KRB-KRB} 31. Rc1 Bb6 (31... Bb4 $16 32. Be5 Rd8) 32. Rc6 Bd4 33. Rc7 Re8 {[%emt 0:00:15] [#]} 34. Rd7 (34. Rc4 $1 $18 Rd8 35. Kg2) 34... Bc3 35. Ra7 Re6 36. Be3 a5 37. Rc7 Be5 (37... Be1 $16 {was worth a try.} 38. Kf1 Bb4) 38. Rc8+ Kf7 39. Kg2 {[%emt 0:00:03] Strongly threatening Rc5.} Rd6 $2 (39... Bf6 40. Kf3 Re8 41. Rc7+ Re7) 40. Rc5 Ke6 {[%emt 0:00:29] [#]} (40... Bd4 $142) 41. Rxa5 (41. Rxe5+ $142 $1 Kxe5 42. Bf4+ Ke6 43. Bxd6 Kxd6 44. g4) 41... Bc3 42. Rc5 Bb4 43. Rc4 Ba5 44. Kf3 h5 $2 (44... Ra6 {keeps fighting.} 45. Ke2 Kd5 46. Rc5+ Ke6) 45. Rc5 Bb6 (45... Ra6 46. Ke4 Kd7 47. Rd5+ Kc8) 46. Rg5 Kf6 47. Bxb6 Rxb6 {[%emt 0:00:01] KR-KR} 48. Rb5 {[%emt 0:00:18] Prevents Rb3+.} Rc6 49. Rb3 {[%emt 0:00:04] Inhibits Rc3+.} Rc5 50. Ra3 Ra5 51. Ke4 Ke6 52. f3 Kf6 53. g4 Ke6 54. Kf4 (54. g5 $142 Ke7 55. Kd4) 54... Kf6 (54... Kf7 $142 55. Ra2 Ke6 56. Re2+ Kf6) 55. g5+ Ke6 56. Ke4 Kd6 57. Rd3+ Ke6 58. Rd4 Re5+ 59. Kd3 {[%emt 0:00:05] White wants to mate with Re4.} Rf5 60. f4 Ra5 61. Kc3 {[%emt 0:00:03] Black must now prevent Kb4.} Kf5 62. Kb4 Ra8 63. a5 {[%emt 0:00:15] Kb5 would kill now.} Kg4 64. f5+ Kxf5 65. Kb5 {[%emt 0:00:01] Intending a6 and mate.} Rb8+ 66. Kc6 {[%emt 0:00:04] White mates.} Rb1 67. Ra4 Rc1+ 68. Kd7 Rd1+ 69. Ke7 Re1+ 70. Kf7 Rc1 71. a6 Rc7+ 72. Ke8 Ke6 73. Kd8 Ra7 74. Kc8 Kd6 75. Kb8 Rf7 76. a7 Kd5 {[%emt 0:00:09] Weighted Error Value: White=0.34/Black=0.53} 1-0

[Event "5th Vera Menchik Memorial 2022"]
[Site "Prag"]
[Date "2022.06.05"]
[Round "4.15"]
[White "Mikhno, Artem"]
[Black "Richtrova, Eliska"]
[Result "0-1"]
[ECO "A41"]
[WhiteElo "1405"]
[BlackElo "2204"]
[Annotator "TA"]
[PlyCount "82"]
[EventDate "2022.06.05"]
[EventType "tourn"]
[EventCountry "CZE"]
[SourceTitle "playchess.com"]
[Source "ChessBase"]
[SourceQuality "1"]
[TimeControl "720+3"]

1. d4 d6 2. c4 e5 3. dxe5 dxe5 4. Qxd8+ Kxd8 5. Nc3 c6 6. Bg5+ (6. e4 {is superior.}) 6... f6 {[%emt 0:00:13] A41: 1 d4 d6: Tartakower System and Modern Defence.} 7. O-O-O+ Kc7 8. Bh4 Be6 {[%emt 0:00:15] Black is slightly better.} 9. e4 Nd7 10. f3 {[%emt 0:00:26] [#]} Bb4 $146 ({Predecessor:} 10... Nh6 11. b3 Nf7 12. Nge2 a5 13. Kc2 Be7 14. Nc1 Nc5 15. Nd3 Na6 16. Be2 Nb4+ {1-0 (35) Yanchenko,R (2467)-Erzhanov,A (2229) Chess.com INT 2021}) 11. Kc2 a5 12. Bf2 a4 13. a3 (13. b3 $15) 13... Be7 (13... Bd6 {feels hotter.} 14. g3 Nh6 15. Be3 b6) 14. Bd3 (14. g3 $142) 14... Nh6 15. Nge2 Rhd8 (15... Bc5 $142 16. Bxc5 Nxc5) 16. Ng3 {[%emt 0:00:10] [#]} Nc5 ({Black should play} 16... Bc5 $1 $17 17. Bxc5 Nxc5) 17. Be2 $15 g6 18. Rxd8 Kxd8 19. Rd1+ Kc7 20. Be3 Nf7 21. f4 {[%emt 0:00:03] This costs White the game.} (21. Nf1 $15) 21... exf4 $19 22. Bxf4+ Bd6 23. Rf1 Ne5 24. Be3 Ncd7 (24... Nxc4 25. Bxc4 Bxc4 26. Rxf6) 25. c5 Bb3+ (25... Nxc5 26. Rxf6 Re8 27. Kb1 $17) (25... Bxc5 26. Bxc5 Nxc5 27. Rxf6 $17) 26. Kc1 (26. Kb1 $142 Be7 27. Rc1) 26... Be7 (26... Nxc5 27. Rxf6 Ncd3+ 28. Kb1 $17) (26... Bxc5 27. Bxc5 Nxc5 28. Rxf6) 27. Bd4 Rf8 (27... Nxc5 $2 28. Bxc5 Bxc5 29. Rxf6 $19) 28. Bd1 Nd3+ 29. Kb1 N3xc5 ({Stronger than} 29... Bxc5 30. Bxb3 axb3 31. Nce2) ({Inferior is} 29... N7xc5 30. Bxb3 Nxb3 31. Be3) 30. Bxb3 Nxb3 ({Wrong is} 30... axb3 $2 31. Nge2) 31. Be3 b5 32. Nge2 Ne5 33. Bf4 Bd6 34. Rd1 Nc4 35. Bxd6+ Nxd6 36. Nf4 {[%emt 0:00:02] [#] Threatens to win with Ne6+.} Re8 {[%emt 0:00:06] Inhibits Ne6+.} 37. Re1 Nc4 38. Nd3 Rd8 39. Nf4 Rd2 40. Ne6+ $2 (40. Re2) 40... Kd6 41. Nf8 Rxb2# {[%emt 0:00:02] Weighted Error Value: White=0.51/Black=0.08 (flawless)} 0-1

[Event "5th Vera Menchik Memorial 2022"]
[Site "Prag"]
[Date "2022.06.05"]
[Round "4.16"]
[White "Pribyl, Josef"]
[Black "Slanec, Jan"]
[Result "0-1"]
[ECO "A27"]
[WhiteElo "2217"]
[BlackElo "1957"]
[Annotator "TA"]
[PlyCount "54"]
[EventDate "2022.06.05"]
[EventType "tourn"]
[EventCountry "CZE"]
[SourceTitle "playchess.com"]
[Source "ChessBase"]
[SourceQuality "1"]
[TimeControl "720+3"]

1. c4 e5 2. Nc3 Nc6 3. Nf3 f5 4. d4 exd4 5. Nxd4 Nxd4 6. Qxd4 {[%emt 0:00:02] A27: English Opening: Three Knights Variation.} Nf6 7. Qe5+ Be7 8. Qxf5 {[%emt 0:00:03] White is slightly better.} d5 9. Qd3 {[%emt 0:00:01][%cal Rc4d5] [#]} dxc4 $146 (9... d4 $1 $11 10. Ne4 Nxe4 11. Qxe4 O-O 12. Qd5+ Qxd5 13. cxd5 Bf5) ({Predecessor:} 9... d4 10. Nb5 c5 11. Bf4 O-O 12. Nc7 Rb8 13. Nb5 Ra8 14. Nc7 Rb8 15. Nd5 Nxd5 16. Bxb8 {0-1 (23) Stumpf,D (1785)-Hagenbeck Huebert,B (1744) Playchess.com INT 2020}) 10. Qxc4 $16 Bf5 (10... c6 $16) 11. e4 $18 Bg6 12. e5 Nd7 13. Bf4 ({White should play} 13. Be3 {Threatens to win with Rd1.} c6 14. O-O-O) 13... Nb6 $16 14. Qe2 (14. Qe6 $16) 14... Qd4 (14... O-O $5 15. g3 Bb4 $16) 15. g3 {[%emt 0:00:26] Hoping for Rd1.} O-O-O $2 (15... Bb4 $1 $11 16. Qe3 (16. Rd1 Bxc3+ 17. bxc3 Qxc3+ 18. Qd2 Qf3 $11) 16... Qd5) 16. Bh3+ $2 ({White should try} 16. Rd1 $18 Qb4 17. Bh3+ Kb8 18. O-O) 16... Kb8 $11 17. O-O Bd3 18. Qf3 Bxf1 $17 19. Rxf1 {[%emt 0:00:03] [#]} g5 $1 20. Bg2 c6 {[%emt 0:00:17] Active counter play!} 21. Be3 (21. Rd1 $17 Qb4 22. Bc1) 21... Qxe5 $19 22. Qf7 (22. Re1 $142 Qg7 23. h4) 22... Bc5 23. Bc1 $2 (23. Bxc5 Qxc5 24. Ne4) 23... Rhf8 24. Qxh7 {[%emt 0:00:47] [#]} Rxf2 $1 {[%emt 0:00:30][%mdl 512] ( -> ...Rdf8)} 25. Kh1 (25. Qe4 Rf4+) 25... Rxf1+ 26. Bxf1 Qd4 27. Ne2 Qd5+ {[%emt 0:00:28] What a bad dream for White.  Weighted Error Value: White=0.99/Black=0.28 (precise)} 0-1

[Event "5th Vera Menchik Memorial 2022"]
[Site "Prag"]
[Date "2022.06.05"]
[Round "5.2"]
[White "Jacko, Vladimir"]
[Black "Pulpan, Jakub"]
[Result "0-1"]
[ECO "C54"]
[WhiteElo "2379"]
[BlackElo "2418"]
[Annotator "TA"]
[PlyCount "50"]
[EventDate "2022.06.05"]
[EventType "tourn"]
[EventCountry "CZE"]
[SourceTitle "playchess.com"]
[Source "ChessBase"]
[SourceQuality "1"]
[TimeControl "720+3"]

1. e4 e5 2. Nf3 Nc6 3. Bc4 Nf6 4. d3 Bc5 5. c3 O-O 6. Bb3 {[%emt 0:00:01] C54: Giuoco Piano: 4 c3 Nf6, main lines with 5 d4 and 5 d3.} d5 7. Qe2 h6 8. Nbd2 {[%emt 0:00:05] The position is equal.} a5 9. a4 {[%emt 0:01:31] [#]} Re8 $146 ({Predecessor:} 9... Be6 10. Bc2 Re8 11. O-O Nh5 12. Nb3 Bb6 13. Ng5 hxg5 14. Qxh5 dxe4 15. dxe4 g4 {½-½ (51) Stopa,J (2471)-Gareyev,T (2590) Philadelphia 2009}) 10. Nf1 (10. exd5 $11 Nxd5 11. Ne4) 10... b6 {[%emt 0:00:08] [#] White must now prevent ...Ba6.} 11. Ng3 Ba6 {[%emt 0:00:05] Strongly threatening ...dxe4.} 12. Bc2 Bf8 13. O-O dxe4 14. Nxe4 Nd5 (14... Nh7 $15) 15. Qd1 (15. Bb3 {keeps more tension.} Nf4 16. Bxf4 exf4 17. Qd2) 15... Qd7 16. Re1 Rad8 $36 {[%emt 0:00:11][%mdl 2048] Black fights for an advantage.} 17. d4 (17. Bxh6 $11 {keeps the balance.} gxh6 18. c4) 17... f5 (17... exd4 $17 {[%cal Od4d3] And now ...d3! would win.} 18. Bb3 dxc3 19. bxc3 Ne5 20. Nxe5 Rxe5) 18. Ng3 $15 e4 ({Better is} 18... f4 $1 $15 19. Nh5 exd4) 19. Ne5 $2 {[%emt 0:01:28][%mdl 8192] [#] Now White is beyond hope.} (19. Nh4 $14) 19... Nxe5 $19 20. dxe5 Rxe5 21. Bb3 Kh7 22. Qh5 g6 {[%emt 0:00:25] Active counter play!} 23. Qh4 Qe7 {[%emt 0:00:36] Prevents Bg5.} 24. Qh3 (24. Qxe7+ Bxe7 25. Ne2) 24... Bc8 (24... e3 $142 {( -> ...exf2+)} 25. Rxe3 Nf4) 25. Bxd5 f4 {[%emt 0:00:31] Weighted Error Value: White=0.81/Black=0.51} ({But not} 25... Rdxd5 $2 26. Bf4 $19) 0-1

[Event "5th Vera Menchik Memorial 2022"]
[Site "Prag"]
[Date "2022.06.05"]
[Round "5.3"]
[White "Jirovsky, Milos"]
[Black "Fedorov, Evgueny"]
[Result "1-0"]
[ECO "A30"]
[WhiteElo "2458"]
[BlackElo "2236"]
[Annotator "TA"]
[PlyCount "91"]
[EventDate "2022.06.05"]
[EventType "tourn"]
[EventCountry "CZE"]
[SourceTitle "playchess.com"]
[Source "ChessBase"]
[SourceQuality "1"]
[TimeControl "720+3"]

1. Nf3 Nf6 2. c4 c5 3. g3 b6 4. Bg2 Bb7 5. O-O e6 6. Nc3 a6 7. d4 cxd4 8. Qxd4 d6 9. Ng5 Bxg2 10. Kxg2 Be7 11. Rd1 Ra7 {[%emt 0:01:12] A30: Symmetrical English: Double Fianchetto and Hedgehog.} 12. Be3 O-O {[%emt 0:01:49] [#]} 13. Qxb6 $146 (13. Nge4 {is interesting.} Nfd7 14. Nxd6 Nc6 15. Qe4) ({Predecessor:} 13. b3 Nc6 14. Qf4 Rd7 15. Rac1 Ne5 16. Nf3 Neg4 17. Ne4 Nxe3+ 18. Qxe3 Qc7 19. Nxf6+ Bxf6 {1-0 (69) Schulze,E (2260)-Weigler,A Germany 1992}) 13... Qxb6 (13... Rc7 $1 $11 {remains equal.}) 14. Bxb6 $16 Rb7 {[%emt 0:00:02] [#]} 15. Na4 {[%emt 0:00:13] 0x0.001e364e3515dp-1022s more active pieces. The black rooks are badly placed.} Nbd7 16. Ba5 Rc8 17. Rac1 h6 18. Nf3 Nc5 19. Nxc5 Rxc5 20. b4 Rc8 21. a3 Ne4 (21... Nd7 $16 {might work better.} 22. e4 g5) 22. Nd2 Nf6 23. Rc2 ({White should play} 23. a4 $18) 23... Ne8 (23... g5 $16 24. Rcc1 Kf8) 24. Rdc1 $18 f5 25. e4 g6 (25... fxe4 $16 26. Nxe4 Nf6) 26. f4 Kf7 27. Kf3 Nf6 28. h3 Rcb8 (28... h5 $16) 29. Re1 Rd7 30. Re3 d5 $2 {[%emt 0:00:06] A mistake that costs the game.} (30... Nxe4 $16 31. Nxe4 fxe4+ 32. Rxe4 (32. Kxe4 Rc8 $16) 32... Rc8) 31. exd5 exd5 32. c5 Ne4 33. Rd3 ({Weaker is} 33. Nxe4 fxe4+ 34. Kg2 Rc8 $16) 33... Rc8 34. Nb3 Bf6 35. c6 {[%emt 0:00:12] [#] Black must now prevent a4.} Rd6 36. c7 {[%emt 0:00:00] White is clearly winning.} Ke6 37. Nc5+ Ke7 (37... Nxc5 $142 38. bxc5 Rd7) 38. Na4 d4 39. Nb6 Rxb6 40. Bxb6 Nc3 41. Bxd4 Nb5 42. Bxf6+ Kxf6 43. a4 Rxc7 44. Rxc7 Nxc7 45. Rd6+ Ke7 46. Rxg6 {[%emt 0:00:02] Weighted Error Value: White=0.22 (precise) /Black=0.48} 1-0

[Event "5th Vera Menchik Memorial 2022"]
[Site "Prag"]
[Date "2022.06.05"]
[Round "5.4"]
[White "Bezdek, Tomas"]
[Black "Sahidi, Samir"]
[Result "0-1"]
[ECO "C50"]
[WhiteElo "1957"]
[BlackElo "2459"]
[Annotator "TA"]
[PlyCount "60"]
[EventDate "2022.06.05"]
[EventType "tourn"]
[EventCountry "CZE"]
[SourceTitle "playchess.com"]
[Source "ChessBase"]
[SourceQuality "1"]
[TimeControl "720+3"]

1. e4 e5 2. Nf3 Nc6 3. Bc4 Bc5 4. O-O Nf6 5. d3 d6 6. a4 a6 {[%emt 0:00:15] C50: Hungarian Defence and Giuoco Pianissimo.} 7. Be3 O-O 8. Nbd2 Ba7 {[%emt 0:00:26] The position is equal.} 9. Bxa7 Rxa7 10. c3 Ne7 11. d4 Ng6 12. Re1 {[%emt 0:00:56] [#]} h6 $146 ({Predecessor:} 12... c6 13. a5 Qc7 14. Qb3 Ra8 15. dxe5 dxe5 16. Bf1 Be6 17. Bc4 Bd7 18. Ng5 Bc8 {½-½ (38) Boricha,K (2095)-Beukema,S (2414) Basel 2019}) 13. Nf1 Bg4 14. h3 Bxf3 15. Qxf3 c6 16. Qe3 {[%emt 0:00:50] [#] And now dxe5 would win.} Ra8 17. Rad1 Qc7 18. Ba2 Rfe8 19. Qg3 {[%emt 0:00:44] Hoping for Qxg6.} Nf4 20. dxe5 (20. Bb3 {keeps more tension.} Qb6 21. Nd2 Rad8 22. Ra1) 20... dxe5 21. Qf3 Qa5 22. Bb3 Qb6 23. Bc4 Rad8 {[%emt 0:00:05][%cal Ba8d8,Bd8d4,Bd4d2][%mdl 32] White must now prevent ...Rxd1.} 24. b4 a5 25. Rb1 axb4 26. cxb4 (26. Rxb4 $11 Qa7 27. Qe3) 26... Rd4 $15 27. Qb3 Rf8 (27... Re7 $5 ) 28. Ng3 Rd2 29. Rf1 (29. Qe3 $11 Qxe3 30. Rxe3) 29... Qd4 $17 {[%emt 0:00:12] [#] aiming for ...b5. 0x0.00166aa4ef81dp-1022s more active pieces.} 30. Rbd1 (30. Rbe1 $17) 30... Nxe4 {[%emt 0:01:25] Weighted Error Value: White=0.25 (precise) /Black=0.09 (flawless)} 0-1

[Event "5th Vera Menchik Memorial 2022"]
[Site "Prag"]
[Date "2022.06.05"]
[Round "5.5"]
[White "Postupa, Pavel"]
[Black "Mladek, Richard"]
[Result "0-1"]
[ECO "C78"]
[WhiteElo "2235"]
[BlackElo "2361"]
[Annotator "TA"]
[PlyCount "82"]
[EventDate "2022.06.05"]
[EventType "tourn"]
[EventCountry "CZE"]
[SourceTitle "playchess.com"]
[Source "ChessBase"]
[SourceQuality "1"]
[TimeControl "720+3"]

1. e4 e5 2. Nf3 Nc6 3. Bb5 a6 4. Ba4 Nf6 5. d3 Bc5 6. O-O d6 7. h3 {[%emt 0:00:03] C78: Ruy Lopez: Archangelsk and Möller Defences.} O-O 8. c3 Ba7 9. Nbd2 {[%emt 0:00:48] The position is equal.} Ne7 10. Bb3 Ng6 {[%emt 0:00:10] [#]} 11. Nc4 $146 ({Predecessor:} 11. Re1 h6 12. Nf1 Bd7 13. Ng3 b5 14. d4 c5 15. a4 Bb6 16. Be3 Qc7 17. Qc1 cxd4 18. cxd4 Qxc1 19. Rexc1 exd4 20. Bxd4 Bxd4 21. Nxd4 bxa4 22. Bxa4 {½-½ (22) Siigur,J (2418)-Diaz,H (2262) ICCF email 2020}) 11... h6 12. Be3 c5 13. a4 Be6 14. Qe2 Re8 15. Rfd1 Qc7 16. Ncd2 {[%emt 0:00:07] [#]} d5 $1 17. exd5 Nxd5 18. Bxd5 Bxd5 19. Ne4 $2 {[%emt 0:00:03] Now White is beyond hope.} (19. c4 $17 Bc6 20. Ne1) 19... f5 $19 20. Bxh6 fxe4 21. dxe4 Bb3 ({But not} 21... gxh6 $2 22. exd5 Nf4 23. Qc4 $19) 22. Bg5 Bxd1 23. Rxd1 c4 24. g3 Re6 25. h4 Rf8 26. h5 Nh8 27. Kg2 Nf7 28. Bh4 Nh6 29. Kh3 (29. g4 $142) 29... Ree8 {[%emt 0:00:00] Hoping for ...Qc8+.} 30. g4 Kh8 {[%emt 0:00:00][%cal Oh6g4] And now ...Nxg4! would win.} 31. Ng5 (31. Nh2 {is a better defense.}) 31... b5 32. f3 Nf7 33. Qd2 Nxg5+ 34. Qxg5 Rxf3+ 35. Kg2 Qf7 {[%emt 0:00:00][%cal Of3f2] ( -> ...Rf2+!)} 36. h6 g6 37. Rd6 {[%emt 0:00:23] [#]} Kh7 (37... Rf2+ $142 $1 38. Bxf2 Qxf2+ 39. Kh3 Qf1+ 40. Kh2 Bg1+ 41. Kh1 Bf2+ 42. Kh2 Qg1+ 43. Kh3 Qh1#) 38. Qd2 Be3 39. Qe2 Rf8 {[%emt 0:00:00] Black mates.} 40. g5 Qf4 41. Rf6 Qg4+ {[%emt 0:00:00] Weighted Error Value: White=1.07/Black=0.18 (very precise)} 0-1

[Event "5th Vera Menchik Memorial 2022"]
[Site "Prag"]
[Date "2022.06.05"]
[Round "5.6"]
[White "Varga, David"]
[Black "Krivanek, Vladimir"]
[Result "1-0"]
[ECO "B32"]
[WhiteElo "2323"]
[BlackElo "2180"]
[Annotator "TA"]
[PlyCount "97"]
[EventDate "2022.06.05"]
[EventType "tourn"]
[EventCountry "CZE"]
[SourceTitle "playchess.com"]
[Source "ChessBase"]
[SourceQuality "1"]
[TimeControl "720+3"]

1. e4 {[%emt 0:00:03] Postny,E} c5 2. Nf3 Nc6 3. d4 cxd4 4. Nxd4 e5 5. Nb5 d6 6. c4 Be6 {[%emt 0:00:24] outshines the older 6...Be7.} 7. N1c3 a6 8. Na3 g6 {[%emt 0:01:03] B32: Sicilian: Löwenthal and Kalashnikov Variations.} 9. Be3 Bg7 10. Nc2 Nf6 {[%emt 0:00:30] The position is equal.} 11. Be2 O-O 12. Rc1 Rc8 {[%emt 0:00:07] [#]} 13. Qd2 $146 ({Predecessor:} 13. O-O Ne7 14. Na3 Nc6 15. Re1 Nd4 16. f3 Qb6 17. Rb1 Nxe2+ 18. Rxe2 Qb4 19. Rd2 {1-0 (43) Ivanchuk,V (2715)-Jobava,B (2727) Wijk aan Zee 2015 CBM 165 [Postny,E]}) 13... Re8 14. O-O Nd4 $1 15. Nxd4 exd4 16. Bxd4 {[%emt 0:01:55] Hoping for b3.} Bxc4 17. f3 $36 {[%emt 0:00:37][%mdl 2048] White has the initiative.} b5 (17... Bxe2 $11 18. Nxe2 Rxc1 19. Rxc1 d5) 18. b3 Be6 19. Rfd1 d5 20. exd5 (20. e5 $1 $14 Nd7 21. f4) 20... Nxd5 $11 21. Bxg7 Kxg7 22. Nxd5 Bxd5 $4 {[%emt 0:00:14][%mdl 8192] [#]} (22... Rxc1 $11 {and Black is okay.} 23. Qxc1 Bxd5 24. Qc3+ f6) 23. Rxc8 $18 ({Not} 23. Qb2+ Qf6 24. Qxf6+ Kxf6 25. Rxc8 Rxc8 26. Rxd5 Rc2 $18) 23... Qxc8 24. Bxb5 $2 ({Inferior is} 24. Qxd5 Rxe2 25. Kf1 Re7 $11) (24. Qb2+ $18 Kg8 25. Rxd5) 24... axb5 $14 25. Qxd5 {[%emt 0:00:02][%mdl 4096] Endgame KQR-KQR} Re2 26. Qd4+ $1 ({Don't blunder} 26. Qxb5 $2 Qc2 27. Qxe2 Qxe2 $19) 26... Kg8 27. Qd8+ Qxd8 28. Rxd8+ {[%emt 0:00:01] KR-KR} Kg7 29. Rb8 Rxa2 30. Rxb5 Kf6 31. h3 h5 32. Kh2 (32. h4 $16) 32... Ke6 (32... h4 $11) 33. h4 $16 Rb2 34. Kh3 Kf6 35. g4 hxg4+ 36. fxg4 Rc2 37. Kg3 Rc3+ 38. Kf4 Rh3 39. Rb6+ Kg7 40. Kg5 Rf3 {[%emt 0:00:05] ( -> ...f6+)} 41. h5 f6+ $2 {[%emt 0:00:03][%mdl 8192] [#] A mistake that costs the game.} (41... gxh5 $16 42. gxh5 f6+ 43. Kg4 Rf1) 42. Rxf6 $3 {[%emt 0:00:02][%mdl 512] White mates.} Rxf6 {[%emt 0:00:04] KR-K3P} (42... Rg3 43. Rxg6+) 43. h6+ Kf7 44. h7 Rb6 45. h8=Q Rb5+ 46. Kh6 Rxb3 47. Qg7+ Ke8 48. Qg8+ Ke7 49. Qxb3 {[%emt 0:00:00] Weighted Error Value: White=0.25 (precise) /Black=0.36} 1-0

[Event "5th Vera Menchik Memorial 2022"]
[Site "Prag"]
[Date "2022.06.05"]
[Round "5.7"]
[White "Brejnik, Gustav"]
[Black "Burdalev, Kirill"]
[Result "1/2-1/2"]
[ECO "D15"]
[WhiteElo "2246"]
[BlackElo "2381"]
[Annotator "TA"]
[PlyCount "126"]
[EventDate "2022.06.05"]
[EventType "tourn"]
[EventCountry "CZE"]
[SourceTitle "playchess.com"]
[Source "ChessBase"]
[SourceQuality "1"]
[TimeControl "720+3"]

1. d4 d5 2. c4 c6 3. Nc3 Nf6 4. e3 a6 5. Nf3 b5 6. b3 Bg4 7. a4 {[%emt 0:00:07][%cal Ra4b5] D15: Slav Defence: 4 Nc3 a6 and gambit lines after 4 Nc3 dxc4.} b4 {[%emt 0:01:05] 7...bxc4 might become the main line.} 8. Ne2 e6 9. Ne5 {[%emt 0:00:51] f3 is the strong threat. White is slightly better.} Bh5 {[%emt 0:00:03] [#]} 10. Qc2 $146 (10. f3 $5 ) ({Predecessor:} 10. Bb2 Nfd7 11. Nd3 a5 12. Ndf4 Bg4 13. h3 Bf5 14. Ng3 Bd6 15. Nxf5 exf5 16. cxd5 Bxf4 17. dxc6 Nxc6 18. exf4 {1-0 (39) Milekic,D (2309)-Zmijanac,D (2126) Belgrade 2018}) 10... Nfd7 (10... Bg6 $14 11. Nxg6 hxg6) 11. Nf4 $16 Bg6 12. Nexg6 {[%emt 0:01:27] White is much more active.} hxg6 13. cxd5 ({White should play} 13. a5 $16) 13... cxd5 $14 14. a5 g5 15. Nd3 Bd6 (15... Ra7 $14) 16. Bd2 $16 Ra7 17. Bxb4 Rc7 18. Qd2 Qe7 19. Bxd6 Qxd6 20. Qb4 Ke7 21. Be2 Nc6 22. Qxd6+ Kxd6 23. O-O Rb8 24. Rfb1 Rcb7 25. b4 Ra7 26. Ra4 e5 (26... Rab7 $16 {was necessary.} 27. Raa1 Ra7) 27. dxe5+ (27. Nc5 $18) 27... Ncxe5 ({Better is} 27... Ndxe5 28. Nxe5 Nxe5) 28. Nxe5 (28. Nc5 $142) 28... Nxe5 29. Kf1 Nc4 {[%emt 0:00:01] [#]} 30. Ke1 {[%emt 0:00:01][%cal Oe3e4] Inhibits Nd2.} Rc7 31. Rc1 f5 {[%emt 0:00:07] [#]} 32. Bxc4 (32. h3 $1 $16) 32... Rxc4 $11 33. Rxc4 dxc4 $16 {[%emt 0:00:01][%mdl 4096] Endgame KR-KR} 34. Kd2 {[%emt 0:00:01] Black must now prevent Kc3.} Kc6 35. Kc3 Kb5 $1 {[%emt 0:00:00][%mdl 1024] Black has compensation.} 36. Ra1 Rd8 {[%emt 0:00:01] Against Rd1} 37. Rb1 Rd3+ 38. Kc2 Rd7 39. g4 g6 40. gxf5 gxf5 41. Rg1 g4 42. e4 fxe4 {[%emt 0:00:05] aiming for ...Rf7.} 43. Rxg4 Rf7 44. Rxe4 Rxf2+ 45. Kc3 Rf3+ 46. Kc2 Rh3 47. Re2 Kxb4 48. Kb2 Kxa5 {[%emt 0:00:02] Threatens to win with ...Kb4.} 49. Rg2 $2 (49. Re8 $11) 49... Kb4 $19 {[%emt 0:00:01] And now ...a5 would win.} 50. Kc2 a5 51. Kb2 a4 {[%emt 0:00:00] ( -> ...a3+)} 52. Ka2 Kc5 (52... a3 $142 53. Rf2 Rh4 54. Rf8 Rxh2+ 55. Kb1 Rh1+ 56. Ka2 Rh2+ 57. Kb1 Rb2+ 58. Ka1 Rd2 59. Kb1 Rb2+ 60. Ka1 Rd2 61. Rc8 c3 62. Kb1 Kb3 63. Rb8+ Kc4 64. Rc8+ Kd3 65. Rd8+ Ke2 66. Rc8 Rd1+ 67. Ka2 Kd2 68. Kxa3 c2 69. Rd8+ Kc3 70. Rc8+ Kd2 71. Rd8+ Kc1 72. Rg8 Kb1 73. Rb8+ Ka1 74. Rc8 c1=Q+ 75. Rxc1+ Rxc1 76. Kb3 Rc8 77. Kb4 Ka2 78. Kb5 Kb3 79. Kb6 Kb4 80. Kb7 Rc4 81. Kb6 Rc1 82. Ka6 Kc5 83. Kb7 Kb5 84. Ka7 Kc6 85. Kb8 Ra1 86. Kc8 Ra8#) 53. Kb2 Kb4 (53... a3+ $142 54. Kb1 Kb4) 54. Ka2 a3 55. Rc2 c3 56. Rg2 Kc4 $2 (56... Rh4 {mates} 57. h3 Rd4 58. Rg6 Rd2+ 59. Kb1 a2+ 60. Ka1 c2 61. Rc6 Kb3 62. Rb6+ Kc4 63. Rc6+ Kd3 64. h4 Ke2 65. Rc3 Kd1 66. Kxa2 c1=Q+ 67. Kb3 Qb1+ 68. Kc4 Qe4+ 69. Kb5 Qb7+ 70. Ka4 Rb2 71. Rd3+ Ke2 72. Rd2+ Kxd2 73. h5 Qb4#) 57. Kxa3 $11 {[%emt 0:00:04] The position is equal.} Kd3 (57... Rh5 $5 58. Rg4+ Kd3 $11) 58. Kb3 Rh6 59. Rg3+ Ke2 60. Rxc3 Rb6+ 61. Kc4 Rc6+ 62. Kd4 Rxc3 63. Kxc3 {[%emt 0:00:01] White wants to mate with h4.} Kf3 {[%emt 0:00:01] What a bad dream for Black.  Weighted Error Value: White=0.65/Black=0.35} 1/2-1/2